 Dungeon Crawl Stone Soup version 0.18.1-50-g88ac8fd (webtiles) character file.

3934 Chiseanne the Destroyer (level 10, 63/63 HPs)
             Began as a Demonspawn Wizard on Oct 1, 2016.
             Was a Priest of Vehumet.
             Quit the game on level 8 of the Dungeon.
             The game lasted 00:38:08 (8794 turns).

Chiseanne the Destroyer (Demonspawn Wizard)         Turns: 8794, Time: 00:38:08

Health: 63/63      AC: 11    Str:  8    XL:     10   Next: 1%
Magic:  20/23      EV: 11    Int: 22    God:    Vehumet [***...]
Gold:   399        SH:  0    Dex: 15    Spells: 7 memorised, 13 levels left

rFire  . . .     SeeInvis .     s - +2 dagger (elec)
rCold  . . .     Gourm    .     H - +1 animal skin
rNeg   . . .     Faith    .     (no shield)
rPois  .         Spirit   .     b - +0 hat
rElec  .         Dismiss  .     K - +0 cloak (curse)
rCorr  .         Reflect  .     i - +2 pair of gloves {Dex+3}
SustAt .         Harm     .     t - +0 pair of boots
MR     .....                    r - amulet of magic regeneration
Stlth  +++.......               (no ring)
                                (no ring)

@: repel missiles, not resistant to hostile enchantments, fairly stealthy
A: horns 1, molten scales 2, nightstalker 1, powered by death 2
a: Renounce Religion


You were on level 8 of the Dungeon.
You worshipped Vehumet.
Vehumet was most pleased with you.
You were not hungry.

You visited 2 branches of the dungeon, and saw 9 of its levels.

You collected 399 gold pieces.

Inventory:

Hand Weapons
 a - a +3 flail of protection
 s - a +2 dagger of electrocution (weapon)
Missiles
 g - 89 bolts
 h - 91 sling bullets
 j - 187 stones
 l - 68 poisoned needles
 m - 10 tomahawks (quivered)
 A - 4 needles of sleeping
 D - 2 throwing nets
Armour
 b - a +0 hat (worn)
 i - a +2 pair of gloves of dexterity (worn)
 t - a +0 pair of boots (worn)
 w - a +4 ring mail
 F - a +0 shield
 H - a +1 animal skin (worn)
 K - a cursed +0 cloak (worn)
Jewellery
 r - an amulet of magic regeneration (around neck)
 C - an uncursed amulet of guardian spirit {unknown}
Wands
 y - a wand of enslavement (15/24)
Scrolls
 o - a scroll of teleportation
 x - 2 scrolls of recharging
Potions
 e - 2 potions of heal wounds
 p - 2 potions of resistance {unknown}
 q - 2 potions of magic
 u - 2 potions of flight
 v - 2 potions of might
 z - 2 potions of curing
 B - a potion of agility
 E - a potion of invisibility {unknown}
 G - a potion of mutation {unknown}
 J - a potion of ambrosia {unknown}
Books
 c - a book of Minor Magic

   Spells                             Type                      Level
   a - Magic Dart                     Conjuration                  1
   b - Blink                          Translocation                2
   c - Call Imp                       Summoning                    2
   d - Repel Missiles                 Charms/Air                   2
   e - Slow                           Hexes                        2
   f - Conjure Flame                  Conjuration/Fire             3
   g - Mephitic Cloud                 Conjuration/Poison/Air       3
Comestibles
 d - 3 bread rations
 f - 8 meat rations
 k - 4 fruits


   Skills:
 - Level 1.7 Dodging
 - Level 1.7 Stealth
 * Level 9.8 Spellcasting
 * Level 10.2 Conjurations
   Level 1.0 Summonings
 - Level 0.8 Translocations


You had 13 spell levels left.
You knew the following spells:

 Your Spells              Type           Power        Failure   Level  Hunger
a - Magic Dart            Conj           ####         1%          1    None
b - Dazzling Spray        Conj/Hex       ####..       1%          3    None
c - Conjure Flame         Conj/Fire      ####....     1%          3    None
d - Mephitic Cloud        Conj/Pois/Air  ####....     1%          3    None
e - Repel Missiles        Chrm/Air       ##....       12%         2    None
f - Apportation           Tloc           ##........   6%          1    None
g - Blink                 Tloc           N/A          10%         2    None


Dungeon Overview and Level Annotations

Branches:
Dungeon (8/15)             Temple (1/1) D:4
   Lair: D:8-11

Altars:
Ashenzari
Cheibriados
Kikubaaqudgha
Makhleb
Nemelex Xobeh
Okawaru
Sif Muna
Trog
Vehumet
Xom
The Shining One

Shops:
D:5 }   D:8 (

Annotations:
D:3 twinspirit's ghost, weakling DDFi


Innate Abilities, Weirdness & Mutations

You have a pair of small horns on your head.
You are mostly covered in molten scales (AC +3, EV -1).
You are slightly more attuned to the shadows.
You regenerate health from kills.


Message History

Confirm with . or Enter, or press ? or * to list all spells.
Aiming: Magic Dart
Press: ? - help, Shift-Dir - straight line, f/p - Psyche
Aim: Psyche, wielding a dagger of distortion and wearing a robe (noxious fumes, severely wounded, confused)
The magic dart hits Psyche.
Psyche is almost dead.
Psyche is engulfed in noxious fumes.
Casting: Magic Dart
Confirm with . or Enter, or press ? or * to list all spells.
Aiming: Magic Dart
Press: ? - help, Shift-Dir - straight line, f/p - Psyche
Aim: Psyche, wielding a dagger of distortion and wearing a robe (almost dead, confused)
The magic dart hits Psyche.
You kill Psyche!
Vehumet accepts your kill.
You feel your power returning.
You have reached level 10!
Your demonic ancestry asserts itself...
You slip into the darkness of the dungeon.
Are you sure you want to abandon this character and quit the game? (Confirm with "yes".)

...#.......###########..
................#......####
.####.####.................
..###.....................
#..###..................#
##.....##...............#####
...######....................
##.# .......................
##.######....§..@....<.......
##.....###..§§)........#.....
######..###...§.......##.....
....###.#####....###..#......
#..............#............#
#.....(..................####
....#####.................##
.#### #........##......#..##
.##
##.##.....#..#.##).#..####


There were no monsters in sight!

Vanquished Creatures
  Maurice (D:8)
  Psyche (D:8)
  Grinder (D:3)
  Eustachio (D:5)
  Grum (D:7)
  Edmund (D:5)
  2 ice beasts
  2 orc warriors
  A sky beast (D:6)
  A phantom (D:4)
  2 wolves (D:8)
  4 ogres (D:5)
  2 centaurs (D:7)
  A giant frog (D:8)
  A water moccasin zombie (D:4)
  3 scorpions
  A howler monkey (D:8)
  4 crimson imps
  2 giant frog zombies
  2 jellies
  2 hounds
  2 iguanas (D:6)
  6 orc priests
  6 orc wizards
  Jessica (D:3)
  Terence (D:3)
  5 worker ants
  A killer bee zombie (D:5)
  A hound skeleton (D:7)
  A howler monkey zombie (D:5)
  3 gnolls (D:7)
  A worker ant zombie (D:7)
  8 adders
  3 shadow imps
  2 oozes (D:1)
  2 adder zombies
  3 adder skeletons
  A worm (D:2)
  2 dart slugs (D:2)
  7 giant geckos
  24 orcs
  7 giant cockroaches
  4 hobgoblins
  5 jackals
  10 kobolds
  5 quokkas
  A ball python (D:7)
  6 bats
  A giant gecko skeleton (D:7)
  4 giant newts
  7 goblins
  A quokka skeleton (D:4)
  7 rats
174 creatures vanquished.

Notes
Turn   | Place    | Note
--------------------------------------------------------------
     0 | D:1      | Chiseanne the Demonspawn Wizard began the quest for the Orb.
     0 | D:1      | Reached XP level 1. HP: 13/13 MP: 4/4
   190 | D:1      | Gained mutation: You are partially covered in molten scales (AC +1). [demonic ancestry]
   190 | D:1      | Reached XP level 2. HP: 19/19 MP: 0/6
   596 | D:1      | Reached skill level 2 in Conjurations
   980 | D:1      | Reached XP level 3. HP: 23/24 MP: 1/7
  1459 | D:2      | Found an iron altar of Okawaru.
  1459 | D:2      | Found a glowing golden altar of the Shining One.
  1460 | D:2      | Found a shattered altar of Ashenzari.
  1928 | D:2      | Learned a level 2 spell: Blink
  1932 | D:2      | Learned a level 3 spell: Conjure Flame
  1936 | D:2      | Learned a level 3 spell: Mephitic Cloud
  2527 | D:3      | Noticed Jessica
  2546 | D:3      | Reached XP level 4. HP: 29/30 MP: 6/9
  2587 | D:3      | Killed Jessica
  2587 | D:3      | Reached skill level 3 in Conjurations
  2636 | D:3      | Noticed twinspirit's ghost (weakling DDFi)
  2851 | D:4      | Gained mutation: You have a pair of small horns on your head. [demonic ancestry]
  2851 | D:4      | Reached XP level 5. HP: 18/35 MP: 0/11
  3116 | D:4      | Found a staircase to the Ecumenical Temple.
  3121 | Temple   | Entered the Ecumenical Temple
  3150 | Temple   | Became a worshipper of Vehumet
  3196 | D:4      | Reached skill level 4 in Conjurations
  3384 | D:4      | Noticed a phantom
  3668 | Temple   | Learned a level 2 spell: Repel Missiles
  3794 | D:3      | Noticed Grinder
  3807 | D:3      | HP: 1/35 [Grinder/nerve-wracking pain (9)]
  3815 | D:3      | Paralysed by Grinder for 3 turns
  3820 | D:3      | Paralysed by Grinder for 7 turns
  3828 | D:3      | Killed Grinder
  3828 | D:3      | Reached skill level 5 in Spellcasting
  3828 | D:3      | Gained mutation: You regenerate a little health from kills. [demonic ancestry]
  3828 | D:3      | Reached XP level 6. HP: 22/41 MP: 0/14
  4094 | D:3      | Reached skill level 5 in Conjurations
  4231 | D:3      | Noticed Terence
  4286 | D:3      | Killed Terence
  4429 | D:3      | Gained mutation: You regenerate health from kills. [demonic ancestry]
  4429 | D:3      | Reached XP level 7. HP: 46/46 MP: 10/15
  4953 | D:4      | Reached * piety under Vehumet
  4953 | D:4      | Offered knowledge of Flame Tongue by Vehumet.
  5132 | D:4      | Reached skill level 6 in Conjurations
  5379 | D:5      | Entered Level 5 of the Dungeon
  5555 | D:5      | Found Aloemoy's Gadget Shoppe.
  5708 | D:5      | Noticed Eustachio
  5722 | D:5      | Reached XP level 8. HP: 48/52 MP: 6/18
  5756 | D:5      | Killed Eustachio
  5796 | D:5      | Reached skill level 7 in Conjurations
  5837 | D:5      | Noticed Edmund
  5849 | D:5      | Killed Edmund
  6360 | D:5      | Reached skill level 8 in Conjurations
  6705 | D:6      | Gained mutation: You are mostly covered in molten scales (AC +3, EV -1). [demonic ancestry]
  6705 | D:6      | Reached XP level 9. HP: 57/57 MP: 19/21
  6848 | D:6      | Reached ** piety under Vehumet
  6848 | D:6      | Offered knowledge of Sting by Vehumet.
  7255 | D:6      | Found a sparkling altar of Nemelex Xobeh.
  7668 | D:7      | Learned a level 1 spell: Apportation
  7693 | D:7      | Reached skill level 9 in Conjurations
  7956 | D:8      | Noticed Grum
  7977 | D:7      | Killed Grum
  8066 | D:7      | Offered knowledge of Dazzling Spray by Vehumet.
  8071 | D:7      | Learned a level 3 spell: Dazzling Spray
  8099 | D:8      | Found Xawyklug's Weapon Shoppe.
  8115 | D:8      | Found a shimmering altar of Xom.
  8117 | D:8      | Noticed Maurice
  8173 | D:8      | Reached *** piety under Vehumet
  8375 | D:8      | Killed Maurice
  8375 | D:8      | Reached skill level 10 in Conjurations
  8528 | D:8      | Identified a scroll of acquirement
  8701 | D:8      | Found a burning altar of Makhleb.
  8724 | D:8      | Noticed Psyche
  8793 | D:8      | Killed Psyche
  8793 | D:8      | Gained mutation: You are slightly more attuned to the shadows. [demonic ancestry]
  8793 | D:8      | Reached XP level 10. HP: 63/63 MP: 20/23
  8794 | D:8      | Quit the game

Skill      XL: |  1  2  3  4  5  6  7  8  9 |
---------------+----------------------------+-----
Conjurations   | 2 3 4 5 6 8 10 | 10.2
Spellcasting   | 4 5 6 8 9 |  9.8
Dodging        | |  1.7
Stealth        | |  1.7
Summonings     | |  1.0
Translocations | |  0.8

Action                   |  1- 3 |  4- 6 |  7- 9 | 10-12 || total
-------------------------+-------+-------+-------+-------++-------
Melee: Mace              |     2 |       |       |       ||     2
       Hand axe          |    30 |    18 |       |       ||    48
       Headbutt          |       |     4 |     4 |       ||     8
       Dagger            |       |    11 |    43 |       ||    54
       Flail             |       |       |     7 |       ||     7
Throw: Tomahawk          |       |     2 |       |       ||     2
 Cast: Magic Dart        |    96 |   120 |   460 |     1 ||   677
       Mephitic Cloud    |       |     3 |    41 |       ||    44
       Blink             |       |     4 |     6 |       ||    10
       Repel Missiles    |       |     1 |     2 |       ||     3
       Conjure Flame     |       |     6 |    13 |       ||    19
       Dazzling Spray    |       |       |     4 |       ||     4
       Apportation       |       |       |     2 |       ||     2
Evoke: Wand              |       |     6 |     3 |       ||     9
  Use: Scroll            |     6 |     5 |    11 |       ||    22
       Potion            |       |     6 |       |       ||     6
 Stab: Confused          |       |     1 |     4 |       ||     5
       Sleeping          |       |     1 |       |       ||     1
  Eat: Chunk             |     4 |     5 |    13 |       ||    22
       Fruit             |       |     2 |     1 |       ||     3
Armor: Robe              |     7 |     4 |    24 |       ||    35
       Animal skin       |       |       |    11 |       ||    11
Dodge: Dodged            |    26 |    32 |    79 |       ||   137
       Deflected         |       |     1 |     7 |       ||     8
